AoeStats
← 徇亓

QS Arena

503368367Analyzed
1v1 RM · 1mo ago on Aug 31, 2026· 54m 47s· 2 players
Game mode
Random Map
Map size
Tiny (2 player)
Population
200
Speed
Normal
Resources
Standard
Victory
Conquest
Starting age
Dark Age
Ending age
Imperial Age
RankedLock teamsTeams togetherTeam positionsShared explorationLock speedFull tech treeHidden civsTurbo modeCheats
Victory
Defeat
🇨🇳 Armenians · China
1105
+15
🇬🇧 Britons · United Kingdom
1073
-15
Hannibal Barca
7:26 Loom
10:12 Feudal Age
14:27 Castle Age
12:16 Double-Bit Axe
12:14 Horse Collar
12:26 Stone Mining
15:55 Bow Saw
15:49 Heavy Plow
20:52 Wheelbarrow
20:02 Town Watch
22:04 Fletching
23:19 Fortified Wall
25:00 Bodkin Arrow
25:36 Padded Archer Armor
25:46 Pikeman
26:27 Squires
27:08 Yeomen
26:56 Scale Mail Armor
27:01 Gold Mining
28:19 Gold Shaft Mining
27:47 Gambesons
28:18 Man-at-Arms
29:17 Chain Mail Armor
29:20 Leather Archer Armor
32:38 Imperial Age
32:32 Chain Mail Armor
32:53 Elite Longbowman
33:37 Warwolf
34:05 Siege Engineers
35:04 Warwolf
36:06 Long Swordsman
37:37 Conscription
37:50 Bracer
38:39 Halberdier
46:47 Halberdier
52:22 Two-Man Saw
徇亓
7:50 Feudal Age
12:04 Castle Age
10:46 Loom
11:05 Double-Bit Axe
11:32 Stone Mining
17:46 Fletching
22:40 Horse Collar
25:50 Wheelbarrow
26:50 Bodkin Arrow
31:07 Imperial Age
30:22 Hand Cart
30:45 Town Watch
31:18 Bow Saw
31:03 Gold Mining
33:20 Conscription
33:42 Hoardings
33:56 Gold Shaft Mining
34:14 Bracer
35:31 Cavalier
36:22 Bloodlines
36:13 Husbandry
37:16 Forging
37:12 Scale Barding Armor
37:20 Scale Barding Armor
37:03 Elite Composite Bowman
40:14 Chain Barding Armor
41:00 Iron Casting
41:17 Capped Ram
43:50 Blast Furnace
45:50 Onager
47:05 Siege Ram
50:02 Padded Archer Armor
49:38 Light Cavalry
51:09 Town Patrol
51:29 Leather Archer Armor
Connection lost

Rejoining the realm…

Still unreachable

The connection could not be restored.

Session expired

The server has moved on; the page needs a fresh start.